 Dungeon Crawl Stone Soup version 0.28-a0-620-g539b0f7ac7 (webtiles) character file.

Game seed: 2811961985802671250

2862 siradein the Insei (level 9, -5/75 HPs)
             Began as a Green Draconian Transmuter on Oct 7, 2021.
             Was a Follower of Uskayaw.
             Slain by Erica (12 damage)
             ... on level 8 of the Dungeon.
             The game lasted 00:34:18 (9731 turns).

siradein the Insei (Green Draconian Transmuter)     Turns: 9731, Time: 00:34:19

Health: -5/75      AC:  2    Str: 13    XL:     9   Next: 47%
Magic:  11/16      EV: 22    Int: 15    God:    Uskayaw [*.....]
Gold:   285        SH:  0    Dex: 18    Spells: 8/18 levels left

rFire   . . .      SeeInvis .     - Unarmed
rCold   . . .      Faith    .   (shield currently unavailable)
rNeg    . . .      Spirit   .   (armour unavailable)
rPois   x          Reflect  .   (helmet currently unavailable)
rElec   .          Harm     .   (cloak currently unavailable)
rCorr   .          Rampage  .   (gloves currently unavailable)
Will    +....                   (boots currently unavailable)
Stlth   ++........              (no amulet)
HPRegen 0.22/turn               y - ring of willpower
MPRegen 0.15/turn               (no ring)

@: short of breath, spider-form
A: venomous fangs, (breathe noxious fumes), AC +7, tiny, unfitting armour,
(poison resistance), (cold-blooded)
a: End Transformation, Renounce Religion, Stomp


You were on level 8 of the Dungeon.
You worshipped Uskayaw.
Uskayaw was noncommittal.
You were a venomous arachnid creature.
You visited 2 branches of the dungeon, and saw 9 of its levels.

You collected 285 gold pieces.

Inventory:

Hand Weapons
 w - the +6 mace "Piticrue" {flame, rElec rN+ Str+5 Dex+3}
   (You found it on level 5 of the Dungeon)

   It burns those it strikes, dealing additional fire damage.
   Str:       It affects your strength (+5).
   Dex:       It affects your dexterity (+3).
   rElec:     It insulates you from electricity.
   rN:        It protects you from negative energy.
Missiles
 f - 7 poisoned darts
 h - 10 boomerangs
Armour
 u - a +0 pair of boots (melded)
 v - a +0 cloak (melded)
 C - a +0 pair of gloves (melded)
Jewellery
 y - a ring of willpower (left front leg)
 A - a ring of ice
Wands
 z - a wand of iceblast (3)
Scrolls
 a - 2 scrolls of fog
 e - a scroll of fear
 i - 2 scrolls of magic mapping
 l - 2 scrolls of enchant armour
 m - a scroll of brand weapon {unknown}
 n - 2 scrolls of teleportation {unknown}
 o - a scroll of acquirement {unknown}
 p - a scroll of amnesia {unknown}
 q - a scroll of blinking {unknown}
 r - 3 scrolls of identify
 x - a scroll of vulnerability {unknown}
 B - a scroll of enchant weapon {unknown}
Potions
 b - 3 potions of brilliance {unknown}
 c - 2 potions of flight
 d - 3 potions of heal wounds
 g - a potion of invisibility
 j - a potion of mutation {unknown}
 k - a potion of curing {unknown}
 s - a potion of attraction {unknown}
 t - a potion of degeneration {unknown}


   Skills:
 + Level 5.6 Fighting
 + Level 5.1 Dodging
 + Level 6.0 Unarmed Combat
 + Level 5.0 Spellcasting
 + Level 5.5 Transmutations
 + Level 1.6 Ice Magic
 + Level 4.4 Poison Magic
 + Level 4.1 Invocations


You had 8 spell levels left.
You knew the following spells:

 Your Spells              Type           Power      Damage    Failure   Level
a - Beastly Appendage     Tmut           40%        N/A       7%          1
b - Wereblood             Tmut           20%        N/A       10%         2
c - Spider Form           Tmut/Pois      9%         N/A       17%         3
d - Ice Form              Ice/Tmut       14%        N/A       58%         4

Your spell library contained the following spells:

 Spells                   Type           Power      Damage    Failure   Level
 Poisonous Vapours        Pois/Air       20%        N/A       24%         2
 Corpse Rot               Necr/Air       N/A        N/A       45%         2
 Ozocubu's Armour         Ice            8%         N/A       47%         3
 Call Canine Familiar     Summ           3%         N/A       65%         3
 Gell's Gravitas          Tloc           1%         N/A       65%         3
 Lesser Beckoning         Tloc           3%         N/A       65%         3
 Portal Projectile        Hex/Tloc       6%         N/A       65%         3
 Teleport Other           Tloc           3%         N/A       65%         3
 Leda's Liquefaction      Hex/Erth       1%         N/A       95%         4
 Metabolic Englaciation   Hex/Ice        3%         N/A       99%         5
 Iskenderun's Battlesphe  Conj           3%         2d6       100%        5
 Iron Shot                Conj/Erth      1%         9d1       100%        6
 Simulacrum               Ice/Necr       3%         N/A       100%        6
 Spellforged Servitor     Conj/Summ      1%         N/A       100%        7


Dungeon Overview and Level Annotations

Branches:
Dungeon (8/15)             Temple (1/1) D:5
   Lair: D:8-11

Altars:
Cheibriados
Dithmenos
Fedhas
Makhleb
Nemelex Xobeh
Okawaru
Qazlal
Ru
Uskayaw
Vehumet
Xom
Zin

Shops:
D:1 *   D:6 :

Annotations:
D:7 3 runed translucent doors, ClownBaby's ghost, novice MfGl
D:8 3 runed translucent doors, Erica


Innate Abilities, Weirdness & Mutations

You are a venomous arachnid creature.
You have poisonous fangs.
You are tiny and dextrous.
Your spellcasting is less reliable in this form.
Your armour is entirely melded.
You are incapable of wielding weapons or throwing items.
((You can breathe blasts of noxious fumes.))
((Your lurid green scales are hard. (AC +7)))
You cannot fit into any form of body armour.
((Your system is resistant to poisons. (rPois)))
((You are cold-blooded and may be slowed by cold attacks.))


Message History

You fail to use your ability.
You howl as the wereblood boils in your veins!
Press: ? - help, Shift-Dir - straight line, f - orc
Aim: an orc, wielding a +0 mace and wearing a +0 scale mail You exhale a blast of noxious fumes.
The blast of choking fumes hits something!
The blast of choking fumes hits the orc.
The orc is heavily wounded.
The orc is engulfed in noxious fumes.
The orc appears confused.
Casting: Spider Form (dangerous; 6% risk of failure)
Confirm with . or Enter, or press ? or * to list all spells.
You grow a pair of large bovine horns.
Your feet morph into talons.
Your +0 pair of boots melds into your body.
Your primal bloodlust has ended.
The orc is engulfed in noxious fumes.
The orc appears confused.
You kill the orc!
You hear some strange, mumbled words.
A lance of force appears from out of thin air!
The lance of force hits you!!
You are knocked back by the lance of force.
You slam into the rock wall!
You miss something.
Your tail-slap misses something.
Casting: Beastly Appendage (safe; 1% risk of failure)
Confirm with . or Enter, or press ? or * to list all spells.
Your horns disappear.
Your talons disappear.
Your +0 pair of boots unmelds from your body.
You turn into a venomous arachnid creature.
Your +0 cloak melds into your body.
Your +0 pair of gloves melds into your body.
Your +0 pair of boots melds into your body.
Something hits you!!
* * * LOW HITPOINT WARNING * * *
Something burns you.
* * * LOW HITPOINT WARNING * * *
You barely miss something.
You hear some strange, mumbled words.
A bolt of poison appears from out of thin air!
The bolt of poison misses you.
You hit something. Something hits you!
You die...

.. #.........#.##...
###... # ##.......##..>...
# #......#
##.....######### .#.
#.#...# ##...##
.#...###.##.# #####'####
z+....).....#
#........########
.+...###.##.#
#.###.##.##...... .+.
#.##.#####.###.##.#...####
. #o.....).s..<.....[...#
####.#####{#......#...#
........# #.##...#.#####
######### #.###.##.#
#........# #####.#### #.#
#.# #.#


There were no monsters in sight!

Vanquished Creatures
  Pikel (D:5)
  A hornet (D:7)
  Duvessa (D:5)
  A sky beast (D:7)
  An orc warrior (D:8)
  A hornet zombie (D:6)
  5 ogres
  A centaur (D:6)
  A necrophage (D:4)
  A gnoll sergeant (D:7)
  4 scorpions
  Dowan (D:5)
  A wyvern skeleton (D:7)
  A centaur zombie (D:8)
  Crazy Yiuf (D:5)
  A centaur skeleton (D:7)
  A gnoll shaman (D:6)
  2 orc priests (D:6)
  3 hounds
  2 iguanas
  2 jellies
  2 bullfrog skeletons
  A scorpion zombie (D:5)
  6 orc wizards
  5 adders
  9 gnolls
  A white imp (D:7)
  2 ufetubi
  A worm (D:2)
  2 dart slugs
  25 orcs
  An endoplasm (D:2)
  4 giant cockroaches
  8 goblins
  8 hobgoblins
  2 kobolds
  3 quokkas
  3 ball pythons
  3 bats
  A frilled lizard (D:1)
  6 rats
126 creatures vanquished.

Notes
Turn   | Place    | Note
-------+----------+-------------------------------------------
     0 | D:1      | siradein the Draconian Transmuter began the quest for the
                  | Orb.
     0 | D:1      | Reached XP level 1. HP: 16/16 MP: 3/3
   332 | D:1      | Found Qaiwuove's Assorted Antiques.
   400 | D:1      | Reached XP level 2. HP: 17/23 MP: 3/5
   403 | D:1      | Learned a level 2 spell: Wereblood
  1122 | D:2      | Reached XP level 3. HP: 27/29 MP: 2/6
  1445 | D:2      | Found a faded altar of an unknown god.
  1604 | D:3      | Reached XP level 4. HP: 36/36 MP: 3/7
  2472 | D:4      | Found a glowing silver altar of Zin.
  2488 | D:4      | Found a blossoming altar of Fedhas.
  2716 | D:4      | Noticed a necrophage
  2743 | D:4      | Killed a necrophage
  2744 | D:4      | Reached XP level 5. HP: 27/42 MP: 5/9
  2748 | D:4      | Learned a level 3 spell: Spider Form
  2904 | D:4      | Reached skill level 4 in Unarmed Combat
  3261 | D:4      | Found a shadowy altar of Dithmenos.
  3396 | D:4      | Reached XP level 6. HP: 37/51 MP: 10/10
  3712 | D:5      | Entered Level 5 of the Dungeon
  4541 | D:5      | Found a staircase to the Ecumenical Temple.
  4550 | Temple   | Entered the Ecumenical Temple
  4567 | Temple   | Became a worshipper of Uskayaw the Reveller
  4629 | D:5      | Noticed Pikel
  4985 | D:5      | Reached * piety under Uskayaw
  4987 | D:5      | Reached ** piety under Uskayaw
  4988 | D:5      | Your scales start taking on a lurid green colour.
  4988 | D:5      | Reached XP level 7. HP: 52/57 MP: 9/12
  4988 | D:5      | Gained mutation: Your system is resistant to poisons.
                  | (rPois) [Green Draconian growth]
  5596 | D:5      | Noticed Duvessa
  5596 | D:5      | Noticed Dowan
  5641 | D:5      | Killed Dowan
  5670 | D:5      | Killed Duvessa
  5671 | D:5      | Reached skill level 1 in Poison Magic
  5671 | D:5      | Reached skill level 1 in Invocations
  5913 | D:5      | Found a runed translucent door.
  5914 | D:5      | Noticed Crazy Yiuf
  5982 | D:5      | Reached *** piety under Uskayaw
  5983 | D:5      | Killed Pikel
  5984 | D:5      | Reached skill level 5 in Unarmed Combat
  5984 | D:5      | Reached XP level 8. HP: 43/67 MP: 10/14
  6003 | D:5      | Learned a level 4 spell: Ice Form
  6229 | D:5      | Killed Crazy Yiuf
  6236 | D:5      | Identified the +6 mace "Piticrue" {flame, rElec rN+ Str+5
                  | Dex+3}
  6363 | D:6      | Found Nyciqof's Book Shop.
  7103 | D:6      | Reached skill level 5 in Fighting
  7285 | D:6      | Reached skill level 5 in Transmutations
  7614 | D:6      | Reached XP level 9. HP: 74/74 MP: 12/16
  8055 | D:7      | Noticed ClownBaby's ghost (novice MfGl)
  8559 | D:7      | Found a runed translucent gate.
  8559 | D:7      | Found a runed translucent gate.
  8560 | D:7      | Found a runed translucent gate.
  8736 | D:7      | Reached skill level 1 in Ice Magic
  8836 | D:7      | Paralysed by a hornet for 3 turns
  8847 | D:7      | Reached skill level 5 in Dodging
  8912 | D:7      | Reached skill level 5 in Spellcasting
  8945 | D:7      | Reached skill level 6 in Unarmed Combat
  9694 | D:8      | Found a runed translucent gate.
  9695 | D:8      | Found a runed translucent gate.
  9695 | D:8      | Found a runed translucent gate.
  9699 | D:8      | Noticed Erica
  9731 | D:8      | Slain by Erica

Illustrated notes

Levels and vault maps discovered:
D:1:      saegor_arrival_simple_b, layout_basic, serial_shops, shop,
          serial_curves, eino_curves_02, eino_curves_04
D:2:      layout_rooms, shapermc_ecumenical_altar_notcrosses
D:3:      layout_rooms
D:4:      layout_rooms, nicolae_dithmenos_the_darkroom,
          mainiacjoe_overflow_catwalk_spiral, roderic_roman_lattice,
          corexii_item_surrounded_by_moat, nrook_mini_backslash
D:5:      layout_basic, minmay_temple_entry_antechambers, uniq_pikel,
          uniq_crazy_yiuf_cottage, uniq_duvessa
D:6:      layout_cave_pods, serial_shops, nicolae_stop_n_shop_2
D:7:      layout_loops_ring, gammafunk_ghost_icy
D:8:      gammafunk_ghost_split, layout_loops_corners,
          yredelemnul_forgotten_temple_becter, kiku_gazebo_garden_becter,
          uniq_maggie, uniq_erica
Temple:   zaba_magenta_temple

Skill      XL: |  1  2  3  4  5  6  7  8  9 |
---------------+----------------------------+-----
Dodging        | 2 3 4 5 |  5.1
Fighting       | 2 3 4 5 |  5.6
Spellcasting   | 3 4 5 |  5.0
Transmutations | 3 4 5 |  5.5
Unarmed Combat | 4 5 6 |  6.0
Poison Magic   | 2 3 4 |  4.4
Invocations    | 2 3 4 |  4.1
Ice Magic      | 1 |  1.6

Action                   |  1- 3 |  4- 6 |  7- 9 || total
-------------------------+-------+-------+-------++-------
Melee: Unarmed           |    80 |   138 |   228 ||   446
       Kick              |    13 |    32 |    35 ||    80
       Headbutt          |     8 |    16 |    25 ||    49
       Tailslap          |    12 |    10 |    22 ||    44
       Bite              |     1 |       |     4 ||     5
Throw: Boomerang         |       |     3 |       ||     3
 Cast: Beastly Appendage |    18 |    24 |    31 ||    73
       Wereblood         |     2 |    12 |    29 ||    43
       Spider Form       |       |     1 |    16 ||    17
Invok: Line Pass         |       |       |     1 ||     1
 Abil: Breathe Noxious F |       |       |    25 ||    25
       End Transformatio |       |       |     1 ||     1
  Use: Scroll            |     6 |     1 |       ||     7
 Stab: Sleeping          |     1 |       |       ||     1
       Confused          |       |       |    13 ||    13
       Paralysed         |       |       |     3 ||     3
Armor: Skin              |    15 |    47 |    25 ||    87
Dodge: Dodged            |    46 |    84 |   169 ||   299

Table legend: (Time is in decaauts)
 A = Elapsed time spent in this place.
 B = Non-inter-level travel time spent in this place.
 C = Inter-level travel time spent in this place.
 D = Time resting spent in this place.
 E = Time spent auto-exploring this place.
 F = Levels seen in this place.
 G = Mean time per level.
                   A        B        C        D        E       F      G
               +--------+--------+--------+--------+--------+-----+--------+
         Total |   9703 |   9556 |    147 |    800 |   6755 |   9 | 1078.1 |
       Dungeon |   9668 |   9521 |    147 |    800 |   6748 |   8 | 1208.5 |
        Temple |     34 |     34 |      0 |      0 |      7 |   1 |   34.0 |
               +--------+--------+--------+--------+--------+-----+--------+

Top non-repeatable levels by time:
     D:5: 2116 daAuts
     D:6: 1723 daAuts
     D:4: 1551 daAuts
     D:7: 1270 daAuts
     D:1: 1101 daAuts
     D:3: 1004 daAuts
     D:2: 492 daAuts
     D:8: 408 daAuts
  Temple: 34 daAuts
